cohdb
Replays
Latest Replays
All Replays
Popular Replays
Top Player Replays
Match Explorer
How It Works
Community
CoH3 Stats
Reddit
Sign in to upload your games and track your stats! →
Sign in with Steam
Match 41754319
Unlisted
Match 41754319
Overview
Messages
Build Orders
End
Pioneer Squad
Construct Infanterie Kompanie
Grenadier Squad
Selects Italian Coastal Battlegroup
Selects Coastal Reserves
Grenadier Squad
Grenadier Squad
Infanterie Officer Quarters
Selects Artillery Officer
Artillery Officer
Construct Panzergrenadier Kompanie
251 Medium Carrier
Pak 40 Anti-tank Gun Team
MG 42 Machine Gun Team
Medical Station
Pak 40 Anti-tank Gun Team
Construct Panzer Kompanie
Selects Coastal Wall
Selects Support Bunkers
Selects Rapid Fortifications
Stoßtruppen Squad
Selects Bulwark
Panzer Officer Quarters
Anti-tank Bunker
Panzer IV Medium Tank
GrW 34 Mortar Team
Anti-tank Bunker
Sturmpanzer IV Brummbär
Support Elements
Anti-tank Bunker
MG 42 Bunker
Panzer IV Medium Tank
Rapid Fortifications
MG 42 Bunker
⚓️Ruby⚓
Stana
0
0
Comments
sign in to comment!
No comments posted yet!